Workbook

Sheet Cover
B3: TPS Credit Risk Scoring Tool
B7: Prepared by: | D7: AIS Capital Advisors
B8: Prepared For: | D8: FSD Kenya
B10: Version: | D10: December 2024
D11: DRAFT

Sheet Scoring Criteria
B2: Scoring criteria
B4: Pre-screening phase
B5: - | C5: Identification documents
B6: - | C6: Current income Information from all sources
B8: Screening phase
B9: Qualitative
B10: Personal attributes
B11: - | C11: Single or joint application
B12: - | C12: Applicant's age
B13: Free cash flows
C14: Free cash flows in relation to TPS payments
B16: Purpose of the TPS unit
B17: - | C17: Owner occupier or investment
B19: Period in employment/business
B20: - | C20: Number of years in employment/business
B22: Income consistency
B23: - | C23: Continuous/ intermittent years in business/employment
B25: Extent of formality
B26: - | C26: Compliance - TCC and single business permit
B28: Credit history
B29: - | C29: Credit rating scores (standardized the 3 credit rating firms)
B31: Quantitative
B32: Income
B33: - | C33: Income growth
B34: - | C34: Cost to income ratio (annual)

Sheet Weightings
B2: No. | C2: Weightings | D2: Weights | E2: Weight options
B4: 1 | C4: ='Scoring Tool'!C17 -> Personal attributes - Single or joint application | D4: 0.1 | E4: 0
B5: 2 | C5: ='Scoring Tool'!C22 -> Personal attributes - Applicant's age | D5: 0.1 | E5: 0.1
B6: 3 | C6: ='Scoring Tool'!C28 -> Free cash flows in relation to TPS payments | D6: 0.1 | E6: 0.2
B7: 4 | C7: ='Scoring Tool'!C34 -> Purpose of the TPS unit | D7: 0.1 | E7: 0.3
B8: 5 | C8: ='Scoring Tool'!C39 -> Period in employment/business | D8: 0.1 | E8: 0.4
B9: 6 | C9: ='Scoring Tool'!C44 -> Income consistency | D9: 0.1 | E9: 0.5
B10: 7 | C10: ='Scoring Tool'!C50 -> Extent of formality | D10: 0.1 | E10: 0.6
B11: 8 | C11: ='Scoring Tool'!C56 -> Credit rating scores (standardized the 3 credit rating firms) | D11: 0.1 | E11: 0.7
B12: 9 | C12: ='Scoring Tool'!C67 -> Income growth | D12: 0.1 | E12: 0.8
B13: 10 | C13: ='Scoring Tool'!C73 -> Cost to income ratio (annual) | D13: 0.1 | E13: 0.9
C14: (Total weightings should always add up to 100%) | D14: =SUM(D4:D13) -> 1

Sheet Scoring Tool
B2: Pre-screening stage
C3: Applicants must pass the three tests
B4: 1 | C4: ='Scoring Criteria'!C5 -> Identification documents
C5: Applicant to provide relevant identification documents | D5: Rating scale
C6: ID, KRA pin provided | D6: Pass
C7: Information not provided | D7: Fail
B10: 2 | C10: ='Scoring Criteria'!C6 -> Current income Information from all sources
C11: Is there proof of income? | D11: Rating scale
C12: Sufficient information available | D12: Pass
C13: Sufficient information not available | D13: Fail
B15: Screening stage
C16: Qualitative criteria
C17: Personal attributes - Single or joint application | F17: Weighted score
D18: Rating scale | E18: Select Score
C19: Joint application | D19: 20 | E19: 15 | F19: =('Scoring Tool'!E19/'Scoring Tool'!D19)*Weightings!D4 -> 0.075
C20: Single application | D20: 15
C22: Personal attributes - Applicant's age
D23: Rating scale | E23: Select Score
C24: 30 to 50 years | D24: 20 | E24: 15 | F24: =('Scoring Tool'!E24/'Scoring Tool'!D24)*Weightings!D5 -> 0.075
C25: Below 30 years | D25: 15
C26: Above 50 years | D26: 10
C28: ='Scoring Criteria'!C14 -> Free cash flows in relation to TPS payments
D29: Rating scale | E29: Select Score
C30: More than monthly TPS payments | D30: 20 | E30: 10 | F30: =('Scoring Tool'!E30/'Scoring Tool'!D30)*Weightings!D6 -> 0.05
C31: Equal to TPS payments | D31: 10
C32: Below TPS payments | D32: 0
C34: ='Scoring Criteria'!B16 -> Purpose of the TPS unit
D35: Rating scale | E35: Select Score
C36: Owner occupier | D36: 20 | E36: 10 | F36: =('Scoring Tool'!E36/'Scoring Tool'!D36)*Weightings!D7 -> 0.05
C37: Investment | D37: 10
C39: ='Scoring Criteria'!B19 -> Period in employment/business
D40: Rating scale | E40: Select Score
C41: 10 years and above | D41: 20 | E41: 20 | F41: =('Scoring Tool'!E41/'Scoring Tool'!D41)*Weightings!D8 -> 0.1
C42: Below 10 years | D42: 10
C44: ='Scoring Criteria'!B22 -> Income consistency
D45: Rating scale | E45: Select Score
C46: In employment/business consistently over the past 24 months | D46: 20 | E46: 10 | F46: =('Scoring Tool'!E46/'Scoring Tool'!D46)*Weightings!D9 -> 0.05
C47: In employment/business consistently over the past 12months | D47: 10
C48: In employment/business consistently for less than 6 months | D48: 5
C50: ='Scoring Criteria'!B25 -> Extent of formality
D51: Rating scale | E51: Select Score
C52: Tax compliance certificate | D52: 20 | E52: 10 | F52: =('Scoring Tool'!E52/'Scoring Tool'!D52)*Weightings!D10 -> 0.05
C53: Single business permit | D53: 10
C54: None | D54: 0
C56: ='Scoring Criteria'!C29 -> Credit rating scores (standardized the 3 credit rating firms)
D57: Rating scale | E57: Select Score
C58: Very Low Risk | D58: 20 | E58: 15 | F58: =('Scoring Tool'!E58/'Scoring Tool'!D58)*Weightings!D11 -> 0.075
C59: Low Risk | D59: 15
C60: Moderate Risk | D60: 10
C61: Risky | D61: 5
C62: Very risky | D62: 0
C63: Not rated | D63: 0
C65: Quantitative criteria
C67: ='Scoring Criteria'!C33 -> Income growth
D68: Rating scale | E68: Select Score
C69: Income growth > 10% | D69: 20 | E69: 15 | F69: =('Scoring Tool'!E69/'Scoring Tool'!D69)*Weightings!D12 -> 0.075
C70: Income growth of 5% - 10% | D70: 15
C71: Income growth < 5% | D71: 5
C73: ='Scoring Criteria'!C34 -> Cost to income ratio (annual)
D74: Rating scale | E74: Select Score
C75: 40% and below | D75: 20 | E75: 15 | F75: =('Scoring Tool'!E75/'Scoring Tool'!D75)*Weightings!D13 -> 0.075
C76: 41% to 60% | D76: 15
C77: 61% and above | D77: 5
C80: Risk levels
D81: Upper threshold | E81: Lower threshold
C82: Low risk | D82: 1 | E82: 0.8
C83: Medium risk | D83: 0.79 | E83: 0.41
C84: High Risk | D84: 0.4 | E84: 0
C86: Maximum possible score | E86: =D82 -> 1
C87: Minimum possible score | E87: =E84 -> 0
C88: Minimum score allowed | E88: =E83 -> 0.41
C89: Total score by applicant | E89: =SUM(F19,F24,F30,F36,F41,F46,F52,F58,F69,F75) -> 0.675
C90: Risk level | E90: =IF(AND(E89>=E82,E89<=D82),$C$82,(IF(AND(E89>=E83,E89<=D83),$C$83,(IF(AND(E89>=E84,E89<=D84),$C$84,))))) -> Medium risk
C91: Decision | E91: =IF(E89>=E88,"Accept","Reject") -> Accept

Sheet CRB scores standardization
B2: Metropol Scores and Risk levels | D2: Credit Info Scores and Risk Levels | F2: Transunion Scores and Risk Levels | H2: Consolidated Risk Level Used in the Credit Tool
B3: 850-900 | C3: Lowest risk | D3: 743 to 900 | E3: Very low risk | F3: 781-850 | G3: Excellent | H3: Very low risk
B4: 800-849 | C4: Lowest risk | D4: 731-742 | E4: Very low risk
D5: 713-730 | E5: Very low risk
B6: 750-799 | C6: Low risk | D6: 701-712 | E6: Low risk | F6: 721-780 | G6: Good | H6: Low risk
C7: Low risk | D7: 689-700 | E7: Low risk
D8: 677-688 | E8: Low risk
B9: 700-749 | C9: Moderate risk | D9: 665-676 | E9: Average risk | F9: 661-720 | G9: Fair | H9: Moderate risk
C10: Moderate risk | D10: 653-664 | E10: Average risk
D11: 641-652 | E11: Average risk
B12: 600-649 | C12: High risk | D12: 620-640 | E12: High risk | F12: 601-660 | G12: Poor | H12: High risk
D13: 604-619 | E13: High risk
D14: 574-603 | E14: High risk
B15: 500-599 | C15: Highest risk | D15: 530-573 | E15: Very high risk | F15: 300-600 | G15: Very poor | H15: Very high risk
D16: 251-529 | E16: Very high risk
B17: Below 500 | C17: Substandard | D17: 250 | E17: Very high risk
